Cogmind - Beta 15 @@@ ROGUE MODE // 2025.10.13 @ 23:02:46 Player: shapeshifter Result: Destroyed by Autobeam Turret with Autobeam Performance ------------- Evolutions (0) 0 Regions Visited (3) 600 Robots Destroyed (42) 210 Value Destroyed (889) 889 Prototype IDs (0) 0 Alien Tech Used (0) 0 Bonus (0) 0 TOTAL SCORE: 1699 Bonus ------- None Cogmind --------- Core Integrity 0/250 Matter 300/300 Energy 57/100 System Corruption 0% Temperature Cool (51) Movement Rolling (100) Location -10/Subcaves Parts ------- > --- POWER (1) -------- (None) > --- PROPULSION (2) --- Armored Wheel Subdweller Monowheel > --- UTILITY (2) ------ Scrap Shield > --- WEAPON (2) ------- Subdweller Beam Cannon Barrage Gun > --- INVENTORY (5) ---- Subdweller Monowheel Targeting Computer Dirty Datajack (20) Peak State ------------ > --- POWER ------------ Light Ion Engine > --- PROPULSION ------- Armored Wheel Armored Wheel > --- UTILITY ---------- Huge Storage Unit Makeshift Light Armor Plating > --- WEAPON ----------- Subdweller Laser Subdweller Beam Cannon > --- INVENTORY -------- Subdweller Monowheel Medium Storage Unit High-capacity Matter Pod Transport Network Coupler Targeting Computer Scrap Shield Autogun Autogun Dirty Datajack SUBCON Basin [Rating: 34] Favorites ----------- Power Ion Engine Engine Ion Engine Propulsion Light Treads Treads Light Treads Wheel Armored Wheel Utility Seismic Detector Device Seismic Detector Storage Medium Storage Unit Protection Makeshift Light Armor Plating Weapon Autogun Energy Gun Subdweller Laser Energy Cannon Subdweller Beam Cannon Ballistic Gun Autogun Build | -11 -10 -10 -10 ------- Run | Yrd Mat Min Sub Slots Evolved . | . . . . Power . | . . . . Propulsion . | . . . . Utility . | . . . . Weapon . | . . . . Parts Attached 26 | 7 7 1 11 Power 3 | 1 1 . 1 Engine 3 | 1 1 . 1 Core . | . . . . Reactor . | . . . . Propulsion 6 | 2 1 . 3 Treads 3 | 2 1 . . Leg . | . . . . Wheel 3 | . . . 3 Hover . | . . . . Flight . | . . . . Utility 7 | 2 2 . 3 Device 2 | 1 1 . . Storage 3 | 1 1 . 1 Processor . | . . . . Hackware . | . . . . Protection 2 | . . . 2 Artifact . | . . . . Weapon 10 | 2 3 1 4 Energy Gun 1 | . . . 1 Energy Cannon 2 | . . . 2 Ballistic Gun 7 | 2 3 1 1 Ballistic Cannon . | . . . . Launcher . | . . . . Special Weapon . | . . . . Impact Weapon . | . . . . Slashing Weapon . | . . . . Piercing Weapon . | . . . . Special Melee Weapon . | . . . . Unidentified Prototypes . | . . . . Parts Lost 7 | . 1 1 5 Power 1 | . . . 1 Propulsion 2 | . . . 2 Utility 1 | . 1 . . Weapon 3 | . . 1 2 Highest Loss Streak 4 | . 1 1 4 To Critical Strikes 1 | . . . 1 Average Backups 8 | 4 8 9 9 Power . | . 1 1 . Propulsion 2 | 1 3 2 1 Utility 3 | 1 1 4 4 Weapon 1 | . 1 1 1 Tool/Special . | . . . . Unused Backups 16 | . 7 . 9 Power . | . . . . Propulsion 6 | . 4 . 2 Utility 8 | . 2 . 6 Weapon 1 | . 1 . . Tool/Special 1 | . . . 1 Average Slot Usage (%) 96 | . 95 99 94 Engine 12 | . 14 14 11 Treads 21 | . 27 28 13 Wheel 5 | . . . 13 Device 8 | . 10 14 3 Storage 14 | . 14 14 14 Protection 4 | . . . 10 Energy Gun 3 | . . . 8 Energy Cannon 2 | . . . 5 Ballistic Gun 21 | . 27 27 12 Peak Build Rating 34 | 7 10 10 34 Average Rating 14 | 6 9 9 22 On Entrance 6 | . 7 10 10 Naked Turns . | . . . . Heaviest Build 99 | 15 22 22 99 Greatest Support 40 | 40 40 40 40 Greatest Overweight (x) 7 | . . . 7 Average Overweight (x) . | . . . 1 Largest Inventory Capacity 25 | 8 10 10 25 Average Capacity 12 | 7 8 10 17 Most Carried 25 | 6 10 10 25 Average Carried 11 | 4 8 9 16 Final Capacity 10 | 8 10 10 5 Final Carried 10 | 6 10 10 3 Class Distribution -------------------- 100% | Mutant Dominant Class ---------------- Mutant | -10/Materials Mutant | -10/Mines Mutant | -10/Subcaves Resources | -11 -10 -10 -10 ----------- Run | Yrd Mat Min Sub Matter Collected 1548 | 300 659 214 375 Remotely . | . . . . Salvage Created 1403 | 98 803 145 357 Parts 99 | 10 46 12 31 Haulers Intercepted 2 | . 2 . . Recyclers Shooed 1 | . 1 . . Parts Field Recycled . | . . . . Retrieved Matter . | . . . . Parts Self-Destructed 19 | . . . 19 Prevented . | . . . . Kills | -11 -10 -10 -10 ------- Run | Yrd Mat Min Sub Combat Hostiles Destroyed 25 | . 12 2 11 Guns 23 | . 12 2 9 Cannons 2 | . . . 2 Classes Destroyed 10 | 2 7 . 1 Worker 4 | . 1 3 . Builder 1 | . 1 . . Tunneler 3 | 2 . 1 . Hauler 2 | . 2 . . Recycler 3 | 1 2 . . Operator 1 | . 1 . . Watcher 3 | . 3 . . Swarmer 7 | . 3 . 4 Grunt 11 | . 9 2 . Subdweller 7 | . . . 7 Best Kill Streak 4 | 2 4 2 4 Combat Bots Only 4 | . 3 2 4 Max Kills in Single Turn 2 | 1 1 1 2 Gunslinging . | . . . . Exploded . | . . . . Melee . | . . . . Uniques/NPCs Destroyed . | . . . . Combat | -11 -10 -10 -10 -------- Run | Yrd Mat Min Sub Hostile Shots Fired 138 | . 43 18 77 Missed 37 | . 14 4 19 Hits 101 | . 29 14 58 Projectile 101 | . 29 14 58 Critical Strikes 2 | . . 1 1 Damage Taken 1427 | . 300 179 948 Core 252 | . 44 . 208 Absorbed by Shields . | . . . . Core Remaining (%) 100 | 100 . . . Volleys Fired 127 | 5 52 15 55 Largest 2 | 2 2 2 2 Hottest 140 | 40 46 46 140 Shots Fired 237 | 10 101 30 96 Gun 228 | 10 101 30 87 Cannon 9 | . . . 9 Launcher . | . . . . Special . | . . . . Kinetic 211 | 10 101 30 70 Thermal 26 | . . . 26 Explosive . | . . . . Electromagnetic . | . . . . Robot Hit Streak 22 | 3 6 9 22 Robot Miss Streak 4 | 1 4 2 4 Penetration Max . | . . . . Secondary Targets 3 | . 2 1 . Max Gunslinging Chain 1 | . 1 1 . Shots Hit Robots 127 | 5 55 20 47 Core Hits 55 | 4 27 8 16 Critical Kills 2 | . 1 . 1 Critical Parts Destroyed . | . . . . Critical Strikes 2 | . 1 . 1 Destroy 2 | . 1 . 1 Melee Attacks . | . . . . Impact . | . . . . Slashing . | . . . . Piercing . | . . . . Sneak Attacks . | . . . . Combat Hostiles . | . . . . Follow-up Attacks . | . . . . Damage Inflicted 2208 | 59 951 301 897 Guns 1987 | 59 951 301 676 Cannons 221 | . . . 221 Explosions . | . . . . Melee . | . . . . Ramming . | . . . . Kinetic 1823 | 59 951 301 512 Thermal 385 | . . . 385 Explosive . | . . . . Electromagnetic . | . . . . Impact . | . . . . Slashing . | . . . . Piercing . | . . . . Highest Corruption . | . . . . Average Corruption . | . . . . Corruption Purged . | . . . . Corruption Blocked . | . . . . Overload Shots . | . . . . Overflow Damage . | . . . . Projectiles . | . . . . Explosions . | . . . . Melee . | . . . . Knockbacks . | . . . . Impact . | . . . . Kinetic . | . . . . Secondary . | . . . . Self-Inflicted Damage . | . . . . Shots . | . . . . Rammed . | . . . . Targets Rammed . | . . . . Kicked . | . . . . Crushed . | . . . . Highest Temperature 123 | . 31 77 123 Average Temperature 22 | . 8 33 43 Received Heat Transfer 435 | . 126 120 189 Siege Activations . | . . . . Martial Activations . | . . . . Shielding Activations . | . . . . Robots Disrupted . | . . . . Combat Hostiles . | . . . . Robots Corrupted . | . . . . Combat Hostiles . | . . . . Parts Fried . | . . . . Impact Corruptions . | . . . . Robots Melted . | . . . . Combat Hostiles . | . . . . Parts Melted 2 | . . . 2 Heat Transferred 496 | . . . 496 Parts Sabotaged . | . . . . Parts Stolen . | . . . . Parts Stripped . | . . . . Power Chain Reactions . | . . . . Alert | -11 -10 -10 -10 ------- Run | Yrd Mat Min Sub Maximum Alert Level 1 | . 1 . . Low Security (%) 99 | 100 99 100 . Level 1 . | . . . . Level 2 . | . . . . Level 3 . | . . . . Level 4 . | . . . . Level 5 . | . . . . High Security . | . . . . Max Security . | . . . . Peak Influence 204 | 10 204 56 . Initial 26 | . . 26 . Average 52 | 1 105 5 . Influence Increases 662 | 15 459 78 110 Destroy 0b10 Robot/C 360 | . 240 40 80 Destroy 0b10 Robot/NC 85 | 15 50 20 . Destroy Leader 70 | . 60 10 . Successful Hack 26 | . 18 8 . Select Force Hacks 30 | . 30 . . Disable Machine 15 | . 15 . . Destroy Structure 1 | . 1 . . Lose Combat Pursuer 75 | . 45 . 30 Influence Decreases 662 | 15 390 147 110 Entered New Map 43 | . . 43 . Time Decay 589 | 15 380 94 100 Lost Part 30 | . 10 10 10 Squads Dispatched 2 | . 2 . . Investigation 1 | . 1 . . Extermination . | . . . . Reinforcement 1 | . 1 . . Assault . | . . . . Garrison . | . . . . Intercept . | . . . . Searches Triggered . | . . . . Construction Impeded . | . . . . Haulers Reinforced . | . . . . Active Scanning Responses . | . . . . Cargo Convoy Interrupts . | . . . . Stealth | -11 -10 -10 -10 --------- Run | Yrd Mat Min Sub Distress Signals 1 | . 1 . . Communications Jammed . | . . . . Distress Signals . | . . . . Times Spotted 34 | . 18 2 14 Peak Tracking Total 6 | . 3 2 6 Tactical Retreats 3 | . 2 . 1 Traps | -11 -10 -10 -10 ------- Run | Yrd Mat Min Sub Traps Triggered 2 | . 2 . . Indirectly . | . . . . Trap Hack Attempts . | . . . . Triggered . | . . . . Disarmed . | . . . . Reprogrammed . | . . . . Reused . | . . . . Traps Extracted . | . . . . Installed . | . . . . Triggered . | . . . . Most Traps Carried 1 | . . 1 1 Machines | -11 -10 -10 -10 ---------- Run | Yrd Mat Min Sub Machines Disabled 2 | . 1 . 1 Max in Single Turn 1 | . 1 . 1 Machines Repaired . | . . . . Machines Dismantled . | . . . . Machines Sabotaged . | . . . . Overloaded Fab Kills . | . . . . Hacking | -11 -10 -10 -10 --------- Run | Yrd Mat Min Sub Machines Accessed 13 | . 9 1 3 Terminals 8 | . 7 1 . Fabricators . | . . . . Repair Stations . | . . . . Recycling Units 2 | . 2 . . Scanalyzers . | . . . . Garrison Access . | . . . . Total Hacks 39 | . 27 4 8 Successful 24 | . 14 2 8 Failed 15 | . 13 2 . Catastrophic 1 | . 1 . . Database Lockouts . | . . . . Manual 28 | . 24 4 . Terminals 28 | . 24 4 . Fabricators . | . . . . Repair Stations . | . . . . Recycling Units 3 | . 3 . . Scanalyzers . | . . . . Garrison Access . | . . . . Terminal Hacks 11 | . 1 2 8 Record 6 | . . . 6 Open Door 1 | . . . 1 Registered Components 1 | . . 1 . Zone Layout 2 | . 1 1 . Release Object 1 | . . . 1 Fabricator Hacks . | . . . . Repair Station Hacks . | . . . . Recycling Unit Hacks 1 | . 1 . . Retrieve Components 1 | . 1 . . Scanalyzer . | . . . . Garrison Access Hacks . | . . . . Unauthorized Hacks 12 | . 12 . . Terminals 11 | . 11 . . Botnet 4 | . 4 . . Skim 7 | . 7 . . Fabricators . | . . . . Repair Stations . | . . . . Recycling Units 1 | . 1 . . Tunnel 1 | . 1 . . Scanalyzers . | . . . . Garrison Access . | . . . . Data Cores Recovered . | . . . . Used . | . . . . Hacking Detections 8 | . 8 . . Full Trace Events . | . . . . Feedback Events . | . . . . Feedback Blocked . | . . . . Robot Schematics Acquired . | . . . . Robots Built . | . . . . Authchips . | . . . . Time . | . . . . Total Robot Build Rating . | . . . . Part Schematics Acquired . | . . . . Parts Built . | . . . . Authchips . | . . . . Time . | . . . . Total Part Build Rating . | . . . . Parts Repaired . | . . . . Time . | . . . . Parts Recycled . | . . . . Recycled Matter . | . . . . Retrieved Matter . | . . . . Retrieved Components 10 | . 10 . . Parts Scanalyzed . | . . . . Part Schematics Acquired . | . . . . Parts Damaged . | . . . . Bothacking | -11 -10 -10 -10 ------------ Run | Yrd Mat Min Sub Used RIF Installer . | . . . . Robots Hacked . | . . . . Non-combat . | . . . . Combat . | . . . . Robot Hacks Applied . | . . . . Relay Couplers Released . | . . . . Fabnet Peak Effective % . | . . . . Robots Rewired . | . . . . Allies Hacked . | . . . . Hacks Repelled . | . . . . Allies | -11 -10 -10 -10 -------- Run | Yrd Mat Min Sub Total Allies . | . . . . Largest Group . | . . . . Highest-Rated Group . | . . . . Highest-Rated Ally . | . . . . Total Orders . | . . . . Ally Attacks . | . . . . Total Damage . | . . . . Kills . | . . . . Allies Corrupted . | . . . . Allies Melted . | . . . . Intel | -11 -10 -10 -10 ------- Run | Yrd Mat Min Sub Active Infowar (turns) 2319 | 147 816 1011 345 Seismic 2319 | 147 816 1011 345 Robot Analysis Total . | . . . . Derelict Logs Recovered 2 | . . 1 1 Drone Launches . | . . . . Drone Recoveries . | . . . . Exploration | -11 -10 -10 -10 ------------- Run | Yrd Mat Min Sub Turns Passed 3883 | 206 1092 1011 1574 Spaces Moved 2170 | 113 574 586 897 Core 11 | 11 . . . Treads 1680 | 102 574 586 418 Legs . | . . . . Wheels 479 | . . . 479 Hover . | . . . . Flight . | . . . . Fastest Speed 50 | 50 160 160 100 Average Speed 157 | 149 160 160 154 Slowest Speed 240 | 160 160 160 240 Overloaded Moves . | . . . . Propulsion Burnouts . | . . . . Robots Hopped . | . . . . Potential Cave-ins . | . . . . Cave-ins Triggered . | . . . . Exploration Rate (%) 59 | 6 96 99 38 Regions Visited 3 Branch Regions 2 Pre-discovered Areas 2 | . 1 1 . Known Exits Taken 2 | . 1 1 . Unknown Exits Taken 1 | 1 . . . Scrap Searched 10 | . . 2 8 Spaces Dug . | . . . . Terrain Destroyed . | . . . . Melee . | . . . . Projectile . | . . . . AOE . | . . . . Terrain Rammed . | . . . . Walls Destroyed . | . . . . Machines Disabled . | . . . . Actions | -11 -10 -10 -10 --------- Run | Yrd Mat Min Sub Total 2450 | 140 669 635 1006 Wait 57 | 3 4 29 21 Move 2167 | 112 573 585 897 Hop . | . . . . Pick Up 41 | 13 15 2 11 Fast Attach 6 | . 4 . 2 Attach 14 | 7 1 1 5 Detach . | . . . . Swap 13 | . 7 2 4 Drop 25 | . 13 1 11 Fire 127 | 5 52 15 55 Melee . | . . . . Ram . | . . . . Kick . | . . . . Crush . | . . . . Escape Stasis . | . . . . Rewire . | . . . . Trap . | . . . . Miscellaneous . | . . . . Route ------- -11/Scrapyard -10/Materials (discovered 5 exits: *Mat x3 / *Min / Sub) -10/Mines (discovered 3 exits: *Mat x2 / *Sub) -10/Subcaves (discovered 3 exits: *Mat x2 / [*Rec]) History --------- Turn | Location | Event 39 | -11/Scrapyard | Discovered new exit (range 15) 207 | -11/Scrapyard | Entered Materials 350 | -10/Materials | Build established: Mutant 492 | -10/Materials | Discovered new exit (range 16) 685 | -10/Materials | Discovered new exit (range 15) 824 | -10/Materials | Discovered new exit (range 6) 1028 | -10/Materials | Discovered new exit (range 9) 1114 | -10/Materials | Identified exit to Subcaves 1148 | -10/Materials | Identified exit to Mines 1148 | -10/Materials | Identified exit to Materials 1174 | -10/Materials | Learned location of 1 exit from Storage 1193 | -10/Materials | Learned location of 2 exits from Subcaves 1194 | -10/Materials | Learned location of 2 exits from Mines 1212 | -10/Materials | Learned location of 1 exit from Storage 1234 | -10/Materials | Learned location of 2 exits from Materials 1299 | -10/Materials | Entered Mines 1353 | -10/Mines | Learned location of Zion (-7) 1363 | -10/Mines | Found a hidden stash of uninstalled traps 1638 | -10/Mines | Discovered exit to Materials (range 13) 2310 | -10/Mines | Entered Subcaves 2311 | -10/Subcaves | Approached by a straggling Scientist 2311 | -10/Subcaves | Identified exit to Materials 2338 | -10/Subcaves | Shifting Twisted Machinery released Sub. Machine Gun 2349 | -10/Subcaves | Shifting Twisted Machinery released Sub. Machine Gun 2612 | -10/Subcaves | Visited Clippyterm 2617 | -10/Subcaves | Learned Research security intel 2617 | -10/Subcaves | Learned 40 Factory zone layouts 2785 | -10/Subcaves | Disturbed a concealed Subdweller 3141 | -10/Subcaves | Found SUBCON Basin 3569 | -10/Subcaves | Core integrity fell below 50% 3575 | -10/Subcaves | Core integrity fell below 20% 3609 | -10/Subcaves | Disturbed a concealed Subdweller 3615 | -10/Subcaves | Lost 4 parts (1p1n2w) 3882 | -10/Subcaves | Discovered new exit (range 12) 3884 | -10/Subcaves | Destroyed by Autobeam Turret with Autobeam Last Messages --------------- 03588_ Acquired 16 matter. 03592_ Acquired Sub. Monowheel. 03632_ K8-RLZ(R) affixes Scrap Shield Fragment to Scrap Shield. 03635_ K8-RLZ(R) destroyed. 03638_ Acquired 34 matter. 03642_ Searching scrap... 03642_ Found Mak. Hammer. 03642_ Found 50 Matter. 03643_ Searching scrap... 03643_ Found Mak. System Shield. 03643_ Found 52 Matter. 03645_ Acquired Mak. System Shield. 03682_ Acquired Sub. Beam Cannon. 03761_ Subatomizers dissect the Med. Storage Unit. 03880_ Dropped Mak. Light Armor Plating. 03880_ Dropped Huge Storage Unit. 03882_ Acquired 20 matter. 03882_ EXIT=FOUND 03883_ Machine disabled. 03884_ Acquired 4 matter. Map ----- +----------------------------------------------------+ | ##??# ### ####### #?## #?????????????????? | | #### ## #### ### ##?????????????????? | | ## #?# # #??????????????????? | | #?## # #??????????????????? | | ## #?## ### #??????????????????? | | # ### #?###??## ##?????????????????? | | ## #### #???????### #?????????????????? | | ### ##???# ###?????????# #?????????????????? | | # ##???####??????????## ##?????????????????? | | ### #?????????##??????# #?????????????????? | | ### ##????????# ##???### ##?????????????????? | | ## ! ##??????## % #??## #?????????????????? | | # ##?##### #???# #?????????????????? | | # ### #??## ##????????????????? | | ## #?## #????????????????? | | ?# % %### #????????????????? | | ## ### ###### ##????????????????? | | #### ### #???## #?????????????????? | | #???# ### #????## ##????????????????? | | ##### #??# ##?????# #????????????????? | | ## ###???###??????# #????????????????? | | ##?????????????## #????????????????? | | ##?????????????## ##????????????????? | | #######?????????????##!& #?????????????????? | | #####?????????#" ####!!! #?????????????????? | | #######???????#""t %@! #?????????????????? | | #??????#< != #????????????????? | | #??????##""t " #???????????????? | | #??###??#" ## ????????????? | | #### #??#" ??# ### ?????????? | | ### ##?#" " ???# ##??# ??????????? | | ## ######???# #????## ??????????? | | #??????? #?????? ??????????? | | ## #????? ??????? ??????????? | | #### "" #???## ???????? ???????????? | | #??## ##" #????####### ?????????????????????? | | #???###?#" #??????????? ?????????????????????? | | ###???????? " " ??????????#?????????????????????? | | #??????????" " ???????????????????????????????? | | #?????????"" ??????????????????????????????? | | #??????????""" ??????????????????????????????? | | #????????????""" #?????????????????????????????? | | #??????????????"" ?????????????????????????????? | | ###??????????????????????????????????????????????? | | #????????????????????????????????????????????????? | | ????????????????????????????????????????????????? | | ????????????????????????????????????????????????? | | #????????????????????????????????????????????????? | | ?????????????????????????????????????????????????? | | ?????????????????????????????????????????????????? | +----------------------------------------------------+ Best States ------------- Heat Dissipation 25 Energy Generation 10 Energy Capacity 250 Matter Stores 300 Matter Capacity 300 Sight Range 16 Terrain Scan Density 10 Armor Coverage 100 Evasion (%) 50 Recoil Reduction 2 Item Schematics ----------------- None Robot Schematics ------------------ None Fabricated ------------ Nothing Repaired ---------- Nothing Alien Tech Used ----------------- None Achievements -------------- None Challenges ------------ None Game ------ Seed LightpackSeismicBay Manual? 0 Play Time 00:17:31 Cumulative 375.6 hours Start 2025.10.13 @ 05:16:12 End 2025.10.13 @ 23:02:46 Sessions 2 Manual Loads 0 Difficulty Rogue Special Mode None Game No. 493 Rogue 493 Adventurer 0 Explorer 0 Win Type - Total 11 Types 6/0/1/2/1/0/1/0/0/0 Lore% 88 Gallery% 83 Achievement% 70 Wizard Run 0 Options --------- Layout 0 ASCII 0 Keyboard 0 Movement Mouse Keybinds 0 Fullscreen 1 Font 24/Tamsyn Map View 76x50 Zoom Use 0% Tactical HUD 1 Map Filters NONE Filters NONE Steam 1 RUN: 4e9e0799-cdaa-4e68-b0aa-2c96741ae321